 Dungeon Crawl Stone Soup version 0.20.1-1-g8b1a95d (webtiles) character file.

847 Rzeznik the Poker (level 8, -4/58 HPs)
             Began as a Merfolk Skald on Sept 4, 2017.
             Killed by nerve-wracking pain
             ... invoked by an orc priest
              (7 damage)
             ... on level 5 of the Dungeon.
             The game lasted 01:00:32 (5008 turns).

Rzeznik the Poker (Merfolk Skald)                   Turns: 5008, Time: 01:00:32

Health: -4/58      AC: 11    Str: 19    XL:     8   Next: 0%
Magic:  11/11      EV: 11    Int: 16    God:
Gold:   249        SH:  4    Dex: 13    Spells: 11/11 levels left

rFire    . . .     SeeInvis .   f - +3 flail
rCold    . . .     Gourm    .   D - +0 buckler
rNeg     . . .     Faith    .   L - +5 scale mail
rPois    .         Spirit   .   (no helmet)
rElec    .         Reflect  .   (no cloak)
rCorr    .         Harm     .   (no gloves)
MR       .....                  (no boots)
Stlth    ..........             (no amulet)
Regen    0.2/turn               y - +4 ring of intelligence
MPRegen  0.2/turn               q - +5 ring of strength

@: no status effects
A: change form in water, swift swim, stealthy swim
a: no special abilities


You were on level 5 of the Dungeon.
You were not hungry.

You visited 1 branch of the dungeon, and saw 5 of its levels.

You collected 249 gold pieces.

Inventory:

Hand Weapons
 a - a +1 spear
 f - a +3 flail (weapon)
 r - a +0 spear
 u - a +0 hunting sling
 w - a +2 short sword of electrocution
 J - a +0 great sword
Missiles
 i - 180 stones (quivered)
 m - 37 bolts
 s - 52 arrows
 v - 31 poisoned needles
Armour
 g - a +0 ring mail
 A - a +1 chain mail
 D - a +0 buckler (worn)
 L - a +5 scale mail (worn)
 M - a +0 ring mail
Jewellery
 q - a +5 ring of strength (right hand)
 y - a +4 ring of intelligence (left hand)
 Q - an uncursed ring of protection from cold
Scrolls
 e - 2 scrolls of remove curse
 k - a scroll of fog
 l - a scroll of recharging
 o - 2 scrolls of teleportation
 p - a scroll of amnesia
 t - a scroll of immolation {unknown}
 K - a scroll of fear
Potions
 b - a potion of flight
 j - a potion of resistance {unknown}
 n - a potion of haste {unknown}
 C - a potion of magic {unknown}
 F - a potion of invisibility
 H - a potion of agility {unknown}
 N - a potion of degeneration {unknown}
 O - 2 potions of mutation
 P - a potion of cancellation {unknown}
Books
 c - a book of Battle

   Spells                             Type                      Level
   a - Infusion                       Charms                       1
   b - Shroud of Golubria             Charms/Translocation         2
   c - Song of Slaying                Charms                       2
   d - Spectral Weapon                Hexes/Charms                 3
   e - Regeneration                   Charms/Necromancy            3
Comestibles
 d - 5 bread rations
 h - 3 royal jellies


   Skills:
 + Level 3.5 Fighting
 * Level 4.5 Maces & Flails
 - Level 5.8 Polearms
 + Level 2.6 Armour
 + Level 3.6 Dodging
 + Level 1.1 Shields
 + Level 2.3 Spellcasting
   Level 3.6 Charms


You had 11 spell levels left.
You didn't know any spells.

Dungeon Overview and Level Annotations

Branches:
Dungeon (5/15)
 Temple: D:4-7

Altars:


Message History

You sock the orc!
You kill the orc!
You hit the orc priest.
The orc priest is lightly wounded.
You block the orc priest's attack.
The orc priest invokes the aid of Beogh against you.
Beogh smites you!
A rat comes into view.
The orc priest mumbles some strange prayers to Beogh against you.
Beogh smites you!
* * * LOW HITPOINT WARNING * * *
The orc priest calls upon Beogh to heal the orc priest.
The orc priest's wounds heal themselves!
The orc priest invokes the aid of Beogh against you.
Beogh smites you!
* * * LOW HITPOINT WARNING * * *
The orc priest begins to cast a cantrip, but forgets the words!
The orc priest invokes the aid of Beogh against you.
Pain shoots through your body!
You die...

# #...# ## #...#
.#####...#
.........###############
...÷<...................
....÷...########.#######
........# #.# ........#
#.# ........# #@####
#.......# #.#..
####.#### #.#.# #.#
###.#.###### # #.#
#.o........## #.
#...........# #
####..#######..###...
#.....>.# #..........
#5##..#.# #.#..###...


You could see an orc priest.

Vanquished Creatures
  Menkaure (D:5)
  An ice beast (D:5)
  A howler monkey (D:5)
  2 crimson imps (D:5)
  3 hounds
  A bullfrog skeleton (D:5)
  A centaur skeleton (D:4)
  An orc wizard (D:4)
  Terence (D:3)
  An iguana (D:5)
  A worker ant (D:5)
  A hound zombie (D:5)
  A howler monkey skeleton (D:3)
  A worker ant zombie (D:4)
  5 gnolls
  5 adders
  An ooze (D:3)
  4 worms
  4 dart slugs
  4 leopard geckos
  11 orcs
  5 bats
  4 giant cockroaches
  9 goblins
  12 hobgoblins
  18 jackals
  4 quokkas
  A ball python zombie (D:5)
  5 frilled lizards
  9 kobolds
  5 rats
123 creatures vanquished.

Vanquished Creatures (others)
  3 ghouls (D:1)
  A draconian (D:1)
  A gargoyle (D:1)
  A vine stalker (D:1)
  An elf (D:1)
  A troll (D:1)
  A naga (D:1)
  A dwarf (D:1)
  3 mummies (D:1)
  An orc (D:1)
  A kobold (D:1)
  A rat (D:1)
  12 tentacles (D:1)
28 creatures vanquished.

Grand Total: 151 creatures vanquished

Notes
Turn   | Place    | Note
-------+----------+-------------------------------------------
     0 | D:1      | Rzeznik the Merfolk Skald began the quest for the Orb.
     0 | D:1      | Reached XP level 1. HP: 16/16 MP: 3/3
     2 | D:1      | Noticed a ghoul
     2 | D:1      | Noticed a ghoul
     2 | D:1      | Noticed a vine stalker
     2 | D:1      | Noticed a dwarf
     2 | D:1      | Noticed a kraken
     2 | D:1      | Noticed a troll
     2 | D:1      | Noticed a draconian
     2 | D:1      | Noticed a gargoyle
     2 | D:1      | Noticed a naga
     2 | D:1      | Noticed a ghoul
     2 | D:1      | Noticed an elf
     5 | D:1      | Killed a dwarf
    10 | D:1      | Killed a gargoyle
    11 | D:1      | Killed an elf
    12 | D:1      | Killed a naga
    15 | D:1      | Killed a troll
    15 | D:1      | Killed a vine stalker
    17 | D:1      | Killed a ghoul
    21 | D:1      | Killed a ghoul
    22 | D:1      | Killed a draconian
    24 | D:1      | Killed a ghoul
   184 | D:1      | Reached XP level 2. HP: 16/23 MP: 5/5
   568 | D:1      | Reached XP level 3. HP: 25/28 MP: 6/6
  1126 | D:1      | HP: 1/28 [worm (7)]
  1493 | D:2      | Reached skill level 1 in Armour
  1544 | D:2      | Reached skill level 4 in Polearms
  1641 | D:2      | Reached XP level 4. HP: 33/34 MP: 7/7
  2855 | D:2      | Reached skill level 5 in Polearms
  3043 | D:3      | Reached XP level 5. HP: 37/40 MP: 8/8
  3383 | D:3      | Noticed Terence
  3415 | D:3      | Killed Terence
  3913 | D:4      | Reached XP level 6. HP: 35/47 MP: 9/9
  4118 | D:4      | Reached skill level 1 in Maces & Flails
  4587 | D:5      | Entered Level 5 of the Dungeon
  4616 | D:5      | Reached XP level 7. HP: 52/52 MP: 10/10
  4683 | D:5      | Noticed Menkaure
  4698 | D:5      | Killed Menkaure
  4698 | D:5      | Reached skill level 1 in Shields
  4983 | D:5      | Reached XP level 8. HP: 36/58 MP: 11/11
  5000 | D:5      | HP: 2/58 [orc priest/divine providence (12)]
  5008 | D:5      | Killed from afar by an orc priest

Skill      XL: |  1  2  3  4  5  6  7 |
---------------+----------------------+-----
Dodging        | 3 |  3.6
Armour         | 1 2 |  2.6
Polearms       | 4 5 |  5.8
Fighting       | 3 |  3.5
Maces & Flails | 2 4 |  4.5
Shields        | 1 |  1.1
Spellcasting   | |  2.3
Charms         | |  3.6

Action                   |  1- 3 |  4- 6 |  7- 9 || total
-------------------------+-------+-------+-------++-------
Melee: Spear             |   201 |   238 |       ||   439
       Flail             |       |   102 |    83 ||   185
 Cast: Infusion          |     2 |       |       ||     2
  Use: Scroll            |       |    11 |     2 ||    13
       Potion            |       |       |     1 ||     1
 Stab: Distracted        |       |       |     1 ||     1
  Eat: Bread ration      |     1 |       |       ||     1
       Meat ration       |       |     2 |       ||     2
Armor: Ring mail         |    33 |       |       ||    33
       Leather armour    |     1 |       |       ||     1
       Chain mail        |    38 |   105 |       ||   143
       Scale mail        |       |    52 |    44 ||    96
Dodge: Dodged            |    83 |   131 |    38 ||   252
Block: Buckler           |       |    18 |    12 ||    30
